 Dungeon Crawl Stone Soup version 0.21-a0-84-g85d6d27 (webtiles) character file.

2332 FrankyJ the Thaumaturge (level 9, -5/45 HPs)
             Began as a Deep Elf Conjurer on June 29, 2017.
             Was a Follower of Sif Muna.
             Slain by a gnoll
             ... wielding a +0 halberd
              (13 damage)
             ... on level 9 of the Dungeon.
             The game lasted 00:31:38 (7300 turns).

FrankyJ the Thaumaturge (Deep Elf Conjurer)         Turns: 7300, Time: 00:31:39

Health: -5/45      AC:  6    Str:  8    XL:     9   Next: 19%
Magic:  1/25       EV: 16    Int: 21    God:    Sif Muna [*.....]
Gold:   316        SH:  5    Dex: 18    Spells: 9/28 levels left

rFire    . . .     SeeInvis .   a - +2 dagger (speed)
rCold    + + +     Gourm    .   i - +0 buckler
rNeg     . . .     Faith    .   x - +1 robe "Raaffuf" {rC+++ Regen+}
rPois    .         Spirit   .   v - +1 helmet
rElec    .         Reflect  .   (no cloak)
rCorr    .         Harm     .   D - +0 pair of gloves
MR       .....                  (no boots)
Stlth    ++++......             G - amulet of magic regeneration
HPRegen  0.55/turn              k - ring of stealth
MPRegen  0.44/turn              H - +3 ring of dexterity

@: lethally poisoned (-5 -> -8)
A: no striking features
a: Divine Energy, Renounce Religion


You were on level 9 of the Dungeon.
You worshipped Sif Muna.
Sif Muna was aware of your devotion.
You were not hungry.

You visited 2 branches of the dungeon, and saw 10 of its levels.

You collected 316 gold pieces.

Inventory:

Hand Weapons
 a - a +2 dagger of speed (weapon)
Missiles
 j - 3 javelins (quivered)
 u - 3 curare-tipped needles
 y - 13 tomahawks
Armour
 i - a +0 buckler (worn)
 v - a +1 helmet (worn)
 x - the +1 robe "Raaffuf" (worn) {rC+++ Regen+}
   (You found it on level 4 of the Dungeon)

   It renders you almost immune to cold.
   It increases your rate of regeneration.
 D - a +0 pair of gloves (worn)
Magical Staves
 C - an uncursed staff of earth
Jewellery
 f - an uncursed ring of protection from fire
 k - a ring of stealth (left hand)
 E - an uncursed amulet of regeneration
 G - an amulet of magic regeneration (around neck)
 H - a +3 ring of dexterity (right hand)
Wands
 h - a wand of confusion (19/48)
 A - a wand of digging (14/24)
 K - a wand of lightning (8/15)
Scrolls
 d - 7 scrolls of identify
 g - a scroll of remove curse
 m - 3 scrolls of teleportation
 r - 2 scrolls of enchant armour
 B - 2 scrolls of enchant weapon
 L - a scroll of magic mapping
Potions
 e - 3 potions of resistance
 l - a potion of ambrosia {unknown}
 n - 2 potions of curing
 p - 2 potions of haste {unknown}
 q - 2 potions of brilliance {unknown}
 s - 4 potions of mutation {unknown}
 z - 2 potions of degeneration {unknown}
 F - a potion of berserk rage {unknown}
 N - a potion of might {unknown}
Books
 b - a book of Conjurations

   Spells                             Type                      Level
   a - Magic Dart                     Conjuration                  1
   b - Searing Ray                    Conjuration                  2
   c - Dazzling Spray                 Conjuration/Hexes            3
   d - Fulminant Prism                Conjuration/Hexes            4
   e - Force Lance                    Conjuration/Translocation    4
   f - Iskenderun's Mystic Blast      Conjuration                  4
 J - a book of Frost

   Spells                             Type                      Level
   a - Freeze                         Ice                          1
   b - Throw Frost                    Conjuration/Ice              2
   c - Ozocubu's Armour               Charms/Ice                   3
   d - Throw Icicle                   Conjuration/Ice              4
   e - Summon Ice Beast               Ice/Summoning                4
Comestibles
 c - 3 bread rations
 o - 4 chunks of flesh
 t - 8 meat rations
 w - 3 fruits


   Skills:
 - Level 5.2 Dodging
 - Level 3.0 Stealth
 - Level 4.2 Shields
 + Level 10.2 Spellcasting
 - Level 5.0 Conjurations
 - Level 2.0 Hexes
 - Level 1.2 Translocations
 - Level 6.6 Ice Magic


You had 9 spell levels left.
You knew the following spells:

 Your Spells              Type           Power        Failure   Level  Hunger
a - Magic Dart            Conj           ####         1%          1    None
b - Searing Ray           Conj           ####..       1%          2    None
c - Fulminant Prism       Conj/Hex       ####......   14%         4    ##.....
d - Force Lance           Conj/Tloc      ###.....     17%         4    ##.....
e - Iskenderun's Mystic   Conj           ####....     8%          4    ##.....
f - Throw Icicle          Conj/Ice       #####...     6%          4    ##.....


Dungeon Overview and Level Annotations

Branches:
Dungeon (10/15)            Temple (1/1) D:6
   Lair: D:8-11         Orc: D:9-12

Altars:
Ashenzari
Cheibriados
Dithmenos
Elyvilon
Gozag
Hepliaklqana
Kikubaaqudgha
Makhleb
Nemelex Xobeh
Okawaru
Qazlal
Ru
Sif Muna
Trog
Uskayaw
Vehumet
Wu Jian
Xom
Yredelemnul
Zin
The Shining One

Shops:
D:5 [   D:9 [

Annotations:
D:3 1 runed door


Message History

Aim: a killer bee (severely wounded)
The searing ray hits the killer bee.
You kill the killer bee!
Sif Muna accepts your kill. (Press . to maintain the ray.)
The killer bee stings you!
* * * LOW HITPOINT WARNING * * *
You are more poisoned.
The killer bee poisons you!
The searing ray hits the killer bee.
The killer bee is almost dead.
You feel sick. The killer bee barely misses you. The gnoll closely misses you.
The killer bee misses you.
Unknown command.
The searing ray hits the killer bee.
You kill the killer bee!
Sif Muna accepts your kill.
You feel sick.
The gnoll hits you from afar with a halberd!
You die...

#####+###### ## .###
.'.######## ####
.#........# .....
.########.##########......
.# #.......@†g'..⌠.⌠. .#
############...∩.. .#
.⌠.⌠. .# !y.. ## ... ##


You could see a gnoll.

Vanquished Creatures
  A hippogriff (D:9)
  An ice beast (D:6)
  4 sky beasts (D:6)
  2 ogres
  A centaur (D:6)
  3 bullfrogs
  6 killer bees (D:9)
  3 howler monkeys (D:7)
  3 crimson imps
  A hound (D:9)
  A bullfrog zombie (D:5)
  2 centaur skeletons
  A jelly (D:6)
  An orc priest (D:7)
  Ijyb (D:3)
  3 orc wizards
  3 worker ants
  A hound skeleton (D:5)
  4 worker ant zombies
  A howler monkey skeleton (D:4)
  12 gnolls
  9 adders
  A shadow imp (D:5)
  2 oozes
  2 worms
  3 dart slugs
  4 leopard geckos
  28 orcs
  2 ball pythons
  5 bats
  5 giant cockroaches
  9 goblins
  8 hobgoblins
  4 kobolds
  7 quokkas
  7 frilled lizards
  A giant cockroach zombie (D:3)
  A quokka zombie (D:6)
  7 rats
160 creatures vanquished.

Vanquished Creatures (others)
  A leopard gecko (D:6)
  9 fulminant prisms
10 creatures vanquished.

Grand Total: 170 creatures vanquished

Notes
Turn   | Place    | Note
-------+----------+-------------------------------------------
     0 | D:1      | FrankyJ the Deep Elf Conjurer began the quest for the Orb.
     0 | D:1      | Reached XP level 1. HP: 10/10 MP: 6/6
     6 | D:1      | Noticed a worker ant
     6 | D:1      | Noticed a basilisk
     7 | D:1      | Noticed a centaur
   220 | D:1      | Reached XP level 2. HP: 15/15 MP: 6/8
   233 | D:1      | Reached skill level 4 in Spellcasting
   437 | D:1      | Learned a level 2 spell: Searing Ray
   737 | D:2      | Found a glowing golden altar of the Shining One.
   750 | D:2      | Reached XP level 3. HP: 19/19 MP: 6/10
  1330 | D:2      | Reached skill level 5 in Conjurations
  1446 | D:2      | Reached XP level 4. HP: 24/24 MP: 8/12
  1510 | D:2      | Reached skill level 5 in Spellcasting
  2133 | D:3      | Found a glowing silver altar of Zin.
  2134 | D:3      | Found a runed door.
  2134 | D:3      | Noticed an angel
  2200 | D:3      | Found a faded altar of an unknown god.
  2235 | D:3      | Learned a level 4 spell: Fulminant Prism
  2240 | D:3      | Learned a level 4 spell: Force Lance
  2434 | D:3      | Reached skill level 1 in Translocations
  2552 | D:3      | Reached skill level 1 in Hexes
  2567 | D:3      | Reached XP level 5. HP: 24/28 MP: 7/14
  3017 | D:3      | Noticed Ijyb
  3077 | D:3      | Killed Ijyb
  3406 | D:4      | Got a brightly glowing robe
  3417 | D:4      | Identified the +1 robe "Raaffuf" {rC+++ Regen+} (You found it on level 4 of the Dungeon)
  3765 | D:4      | Reached skill level 6 in Spellcasting
  4050 | D:4      | Reached skill level 1 in Shields
  4090 | D:5      | Entered Level 5 of the Dungeon
  4095 | D:5      | Reached XP level 6. HP: 32/32 MP: 12/17
  4244 | D:5      | Found Ygorche's Antique Armour Shop.
  4358 | D:5      | Found an ornate altar of the Wu Jian Council.
  4391 | D:5      | Found a glowing silver altar of Zin.
  4391 | D:5      | Found a snail-covered altar of Cheibriados.
  5365 | D:5      | Reached XP level 7. HP: 36/36 MP: 12/18
  5433 | D:5      | Learned a level 4 spell: Iskenderun's Mystic Blast
  5440 | D:6      | Reached skill level 7 in Spellcasting
  5572 | D:6      | Reached skill level 8 in Spellcasting
  5815 | D:6      | Reached skill level 9 in Spellcasting
  5815 | D:6      | Reached XP level 8. HP: 41/41 MP: 18/23
  5821 | D:6      | Found a staircase to the Ecumenical Temple.
  5894 | Temple   | Entered the Ecumenical Temple
  6049 | Temple   | Became a worshipper of Sif Muna the Loreminder
  6380 | D:6      | Reached skill level 5 in Dodging
  6388 | D:6      | Identified a scroll of acquirement
  6395 | D:6      | Learned a level 4 spell: Throw Icicle
  6434 | D:6      | Reached skill level 1 in Ice Magic
  6799 | D:7      | Found an ancient bone altar of Kikubaaqudgha.
  6824 | D:7      | Reached skill level 5 in Ice Magic
  7083 | D:7      | You fall through a shaft for 3 floors!
  7083 | D:10     | Entered Level 10 of the Dungeon
  7103 | D:9      | Reached * piety under Sif Muna
  7104 | D:9      | Noticed a hippogriff
  7111 | D:9      | HP: 2/41 [hippogriff (7)]
  7115 | D:9      | Killed a hippogriff
  7201 | D:9      | Reached XP level 9. HP: 45/45 MP: 14/24
  7274 | D:9      | Found Gouf's Antique Armour Shop.
  7297 | D:9      | Reached skill level 10 in Spellcasting
  7300 | D:9      | Slain by a gnoll

Vault maps used:
D:1:      onia_arrival_zoo_common
D:2:      first_bread, tso_metal_star
D:3:      chequers_ecumenical_altar_island, lemuel_angel_altar, uniq_ijyb
D:4:      amethyst_killhole
D:5:      lemuel_doored_altar, gammafunk_temple_overflow_elements, serial_shops,
          shop
D:6:      lemuel_temple_firewalk_a
D:7:      kiku_gazebo_pond_becter
D:9:      serial_shops, shop_fountains, basic_altar, uniq_pikel, uniq_grum
D:10:     erik_lair_orcish_takeover, orc_0_dummy, special_room, basic_altar,
          hangedman_ranch, serial_bayou_pond_c, uniq_harold
Temple:   minmay_crystal_spiral_temple

Skill      XL: |  1  2  3  4  5  6  7  8  9 |
---------------+----------------------------+-----
Spellcasting   | 4 5 6 9 10 | 10.2
Stealth        | 3 |  3.0
Dodging        | 3 5 |  5.2
Conjurations   | 5 |  5.0
Translocations | 1 |  1.2
Hexes          | 1 2 |  2.0
Shields        | 1 3 4 |  4.2
Ice Magic      | 6 |  6.6

Action                   |  1- 3 |  4- 6 |  7- 9 || total
-------------------------+-------+-------+-------++-------
Melee: Dagger            |     4 |    18 |     3 ||    25
 Cast: Magic Dart        |    45 |    84 |    36 ||   165
       Searing Ray       |     7 |    42 |    39 ||    88
       Fulminant Prism   |       |     1 |     8 ||     9
       Throw Icicle      |       |       |     2 ||     2
       Iskenderun's Myst |       |       |     1 ||     1
       Force Lance       |       |       |     1 ||     1
  Use: Scroll            |       |     6 |    11 ||    17
       Potion            |       |       |     2 ||     2
 Stab: Sleeping          |     4 |     2 |     2 ||     8
       Distracted        |       |     1 |       ||     1
  Eat: Chunk             |     1 |    13 |     5 ||    19
       Fruit             |       |       |     1 ||     1
Armor: Robe              |       |     8 |    13 ||    21
Dodge: Dodged            |     6 |    45 |    77 ||   128
Block: Buckler           |       |       |    25 ||    25
